 Dungeon Crawl Stone Soup version 0.22-a0-603-gfc1114d (webtiles) character file.

142 gmonis the Cudgeler (level 5, 0/45 HPs)
             Began as a Minotaur Berserker on July 7, 2018.
             Was a Believer of Trog.
             Slain by Sigmund
             ... wielding a +0 scythe
              (14 damage)
             ... on level 3 of the Dungeon.
             The game lasted 00:04:16 (2608 turns).

gmonis the Cudgeler (Minotaur Berserker)            Turns: 2608, Time: 00:04:17

Health: 0/45       AC:  4    Str: 21    XL:     5   Next: 3%
Magic:  4/4        EV: 12    Int:  4    God:    Trog [**....]
Gold:   83         SH:  0    Dex: 11    Spells: 4/4 levels left

rFire    + . .     SeeInvis .   a - +0 mace
rCold    x . .     Gourm    .   (no shield)
rNeg     . . .     Faith    .   b - +0 animal skin
rPois    .         Spirit   .   (helmet restricted)
rElec    .         Reflect  .   (no cloak)
rCorr    .         Harm     .   (no gloves)
MR       .....                  (no boots)
Stlth    +.........             q - amulet of regeneration
HPRegen  0.55/turn              k - +2 ring of protection
MPRegen  0.09/turn              m - ring of fire

@: berserk cooldown, slowed, very slow
A: retaliatory headbutt, horns 2
a: Berserk, Trog's Hand, Renounce Religion


You were on level 3 of the Dungeon.
You worshipped Trog.
Trog was pleased with you.
You were hungry.

You visited 1 branch of the dungeon, and saw 3 of its levels.

You collected 83 gold pieces.

Inventory:

Hand Weapons
 a - a +0 mace (weapon)
Armour
 b - a +0 animal skin (worn)
Jewellery
 k - a +2 ring of protection (left hand)
 m - a ring of fire (right hand)
 q - an amulet of regeneration (around neck)
Scrolls
 d - 3 scrolls of teleportation {unknown}
 f - 2 scrolls of identify {unknown}
 h - a scroll of magic mapping {unknown}
 l - 2 scrolls of amnesia {unknown}
 p - 2 scrolls of enchant armour {unknown}
 r - a scroll of blinking {unknown}
 s - a scroll of remove curse {unknown}
Potions
 e - a potion of lignification {unknown}
 g - a potion of ambrosia {unknown}
 i - a potion of agility {unknown}
 j - a potion of curing
 n - 2 potions of flight {unknown}
 o - a potion of heal wounds {unknown}
Comestibles
 c - 6 rations


   Skills:
 - Level 3.6 Fighting
 + Level 7.0 Maces & Flails
 - Level 2.4 Armour
 - Level 2.1 Dodging


You had 4 spell levels left.
You didn't know any spells.
Your spell library was empty.

Dungeon Overview and Level Annotations

Branches:
Dungeon (3/15)

Altars:
Wu Jian

Annotations:
D:3 Sigmund


Innate Abilities, Weirdness & Mutations

You reflexively headbutt those who attack you in melee.
You have a pair of horns on your head.


Message History

You closely miss Sigmund. Your headbutt misses Sigmund.
Sigmund hits you with a scythe!
You feel a strong urge to attack something.
Sigmund gestures wildly while chanting.
Sigmund flickers and vanishes!
Deactivating autopickup; reactivate with Ctrl-A.
You are no longer berserk.
You pass out from exhaustion.
You feel yourself slow down. Something hits you!
You can move again.
You feel less confused. Something hits you! Something hits you.
Something hits you!
* * * LOW HITPOINT WARNING * * *
A magic dart appears from out of thin air!
The magic dart hits you!
* * * LOW HITPOINT WARNING * * *
It was a potion of curing.
You feel better. Something hits you!
You die...

#..........#
###..........#
#......##.####
#.#######.###
#.# ......#
##.####......#
#............#
#.............
#.....@....#
#..........#
....#.#######.#
.....#.# #
......#.. .....
### .... ....


There were no monsters in sight!

Vanquished Creatures
  An orc wizard (D:3)
  4 adders
  An ooze (D:3)
  2 worms (D:3)
  3 dart slugs (D:1)
  3 leopard geckos
  2 orcs (D:3)
  3 giant cockroaches
  7 goblins
  5 hobgoblins
  2 jackals (D:1)
  7 kobolds
  A quokka (D:2)
  9 bats
  2 frilled lizards
  7 rats
59 creatures vanquished.

Notes
Turn   | Place    | Note
-------+----------+-------------------------------------------
     0 | D:1      | gmonis the Minotaur Berserker began the quest for the Orb.
     0 | D:1      | Reached XP level 1. HP: 19/19 MP: 0/0
    39 | D:1      | Reached skill level 4 in Maces & Flails
   403 | D:1      | Reached XP level 2. HP: 26/26 MP: 1/1
   694 | D:1      | Reached skill level 5 in Maces & Flails
   826 | D:1      | Reached XP level 3. HP: 28/31 MP: 2/2
  1290 | D:2      | Found an ornate altar of the Wu Jian Council.
  1294 | D:2      | Reached ** piety under Trog
  1961 | D:2      | Reached skill level 6 in Maces & Flails
  1961 | D:2      | Reached XP level 4. HP: 34/39 MP: 3/3
  2481 | D:3      | Reached XP level 5. HP: 45/45 MP: 4/4
  2495 | D:3      | Reached skill level 7 in Maces & Flails
  2593 | D:3      | Noticed Sigmund
  2608 | D:3      | Slain by Sigmund

Vault maps used:
D:1:      shiori_arrival_maze, corner_web_ring
D:2:      old_standard_altar
D:3:      minitemple, ebering_ghost_disaster_area, uniq_sigmund

Skill      XL: |  1  2  3  4  5 |
---------------+----------------+-----
Maces & Flails | 4 5 6 7 |  7.0
Fighting       | |  3.6
Armour         | |  2.4
Dodging        | |  2.1

Action                   |  1- 3 |  4- 6 || total
-------------------------+-------+-------++-------
Melee: Mace              |    80 |    34 ||   114
       Headbutt          |     7 |     8 ||    15
Invok: Berserk           |       |     2 ||     2
  Use: Potion            |       |     1 ||     1
 Stab: Distracted        |     1 |       ||     1
       Sleeping          |       |     1 ||     1
  Eat: Chunk             |     3 |     3 ||     6
Armor: Animal skin       |    13 |    10 ||    23
Dodge: Dodged            |    56 |    25 ||    81

Table legend:
 A = Spawn XP
 B = Non-spawn XP
 C = Spawn XP percentage of total XP
 D = Spawn monster count
 E = Non-spawn monster count
 F = Spawn count percentage of total count
 G = Total turns spent on level
                    A         B        C        D         E        F      G
               +---------+---------+-------+---------+---------+-------+---------
         Total |       0 |     203 |   0.0 |       0 |      59 |   0.0 |  2608
               +---------+---------+-------+---------+---------+-------+---------
           D:1 |       0 |      47 |   0.0 |       0 |      23 |   0.0 |  1173
           D:2 |       0 |      52 |   0.0 |       0 |      19 |   0.0 |  1095
           D:3 |       0 |     104 |   0.0 |       0 |      17 |   0.0 |   340
               +---------+---------+-------+---------+---------+-------+---------
